 Dungeon Crawl Stone Soup version 0.29.1-13-g9f3cf754e1 (webtiles) character file.

Game seed: 10507752245982456591

5100 FexLirch the Thaumaturge (level 10, 0/67 HPs)
             Began as a Djinni Fire Elementalist on Jan 19, 2023.
             Was a Believer of Makhleb.
             Slain by a centaur
             ... wielding a +1 great sword of distortion
              (14 damage)
             ... on level 10 of the Dungeon.
             The game lasted 00:18:19 (10475 turns).

FexLirch the Thaumaturge (DjFE)                    Turns: 10475, Time: 00:18:19

Health: 0/67       AC:  2    Str:  7    XL:     10   Next: 87%
Gold:   397        EV: 13    Int: 21    God:    Makhleb [**....] SH:  3 Dex: 14

rFire   + + +      SeeInvis .   E - staff of conjuration
rCold   x . .      Faith    .   x - +0 buckler
rNeg    . . .      Spirit   .   r - +0 robe {rF+}
rPois   ∞          Reflect  .   (no helmet)
rElec   .          Harm     .   (no cloak)
rCorr   .          Rampage  .   (no gloves)
Will    +....                   (boots unavailable)
Stlth   ++........              (no amulet)
HPRegen 0.21/turn               j - +4 ring of slaying
MPRegen 0.00/turn               (no ring)

@: flying
A: sickness immunity, fire resistance 2, cold vulnerability 1, float, innate
caster, HP casting, extra vitality 1
a: Renounce Religion, Minor Destruction


You were on level 10 of the Dungeon.
You worshipped Makhleb.
Makhleb was pleased with you.
You visited 1 branch of the dungeon, and saw 10 of its levels.

You collected 397 gold pieces.

Inventory:

Hand Weapons
 s - a +1 whip of flaming
Armour
 a - a +0 robe
 r - a +0 robe of fire resistance (worn)
 x - a +0 buckler (worn)
 z - a +0 kite shield
Magical Staves
 m - a staff of cold
 E - a staff of conjuration (weapon)
Jewellery
 d - a ring of ice
 j - a +4 ring of slaying (left hand)
Wands
 A - a wand of polymorph (13)
 G - a wand of iceblast (3)
Scrolls
 b - 6 scrolls of teleportation
 c - a scroll of magic mapping {unknown}
 f - 3 scrolls of immolation
 g - a scroll of fear {unknown}
 h - a scroll of fog {unknown}
 i - a scroll of vulnerability {unknown}
 l - a scroll of summoning {unknown}
 o - a scroll of brand weapon {unknown}
 p - 4 scrolls of blinking
 t - 2 scrolls of enchant armour {unknown}
 y - 3 scrolls of noise
 C - 2 scrolls of poison {unknown}
 F - 2 scrolls of enchant weapon {unknown}
Potions
 e - 4 potions of heal wounds
 k - 3 potions of haste
 n - 6 potions of curing
 u - 2 potions of brilliance
 v - a potion of lignification {unknown}
 w - 4 potions of attraction
 B - a potion of resistance {unknown}
 D - 3 potions of invisibility {unknown}
 H - a potion of flight {unknown}
 I - a potion of berserk rage {unknown}
Miscellaneous
 q - a condenser vane


   Skills:
 + Level 3.1 Fighting
 + Level 4.3 Dodging
 - Level 1.5 Stealth
 + Level 11.5 Spellcasting


You had 10 spell levels left.
You knew the following spells:

 Your Spells              Type           Power      Damage    Failure   Level
a - Foxfire               Conj/Fire      100%       2x1d9     1%          1
b - Scorch                Fire           100%       2d10      1%          2
c - Conjure Flame         Conj/Fire      74%        6-21      1%          3
d - Inner Flame           Hex/Fire       57%        N/A       1%          3
e - Flame Wave            Conj/Fire      74%        2d16      1%          4
f - Shock                 Conj/Air       100%       1d9       1%          1
g - Call Imp              Summ           57%        N/A       1%          2
h - Vampiric Draining     Necr           57%        2d10      1%          3
i - Lesser Beckoning      Tloc           57%        N/A       1%          3
Your spell library was empty.

Dungeon Overview and Level Annotations

Branches:
Dungeon (10/15)            Temple (0/1) D:4             Orc (0/2) D:9
   Lair: D:8-11

Altars:
Cheibriados
Elyvilon
Gozag
Hepliaklqana
Makhleb
Trog

Shops:
D:7 :


Innate Abilities, Weirdness & Mutations

You are immune to sickness and miasma.
You are immune to poison.
Your flesh is very heat resistant. (rF++)
You are vulnerable to cold. (rC-)
You float through the air rather than walking.
You learn spells naturally, not from books.
Your magical power is your life essence.
You have superior vitality. (+4 MHP)


Message History

You feel a surge of power!
You conjure some foxfire!
The foxfire hits the killer bee but does no damage.
The killer bee is heavily wounded.
A centaur comes into view.
It is wielding a +1 great sword of distortion and carrying a wand of digging (6).
The foxfire hits the killer bee.
The killer bee is severely wounded.
Your magical contamination has completely faded away.
The foxfire hits the killer bee.
You kill the killer bee!
Makhleb accepts your kill.
You feel better.
The foxfire hits the centaur but does no damage.
The foxfire hits the centaur.
The centaur is lightly wounded.
The centaur unwields a +1 great sword of distortion.
Its appearance distorts for a moment.
The centaur wields a +0 shortbow.
The centaur shoots an arrow.
The arrow hits you!
* * * LOW HITPOINT WARNING * * *
Casting: Foxfire (safe; 1% risk of failure)
Confirm with . or Enter, or press ? or * to list all spells.
Aiming: Lesser Beckoning (safe; 1% risk of failure)
Press: ? - help, Shift-Dir - straight line, f - centaur
Aim: a centaur, wielding a +0 shortbow, wearing a +0 robe, quivering stones and carrying a wand of digging (6) (lightly wounded, 100% to hit)
The centaur hurls suddenly forward!
* * * LOW HITPOINT WARNING * * *
The centaur is engulfed in blazing flames.
The centaur drinks a potion.
The centaur seems to speed up.
Casting: Lesser Beckoning (safe; 1% risk of failure)
Confirm with . or Enter, or press ? or * to list all spells.
Aiming: Vampiric Draining (safe; 1% risk of failure)
Press: ? - help, Shift-Dir - straight line, f/p - centaur
Aim: a centaur, wielding a +0 shortbow, wearing a +0 robe, quivering stones and carrying a wand of digging (6) (flame, lightly wounded, fast)
You draw life force from the centaur.
You feel life coursing into your body.
* * * LOW HITPOINT WARNING * * *
The centaur is engulfed in blazing flames.
The centaur unwields a +0 shortbow.
The centaur wields a +1 great sword of distortion.
Its appearance distorts for a moment.
The centaur hits you with a +1 great sword of distortion!
You die...

################
.........#.....# ###
.......(.......#####....
...##...................
.....................>..
.............○.○@.......
.........#..§°○c........
.......###..§☼§☼....#...
..............†###### ..
...............#
................
......##........
#................
#......##


You could see a centaur (fast).

Vanquished Creatures
  2 two-headed ogres (D:9)
  Pikel (D:6)
  2 water moccasins
  2 sky beasts
  A black bear (D:5)
  3 ice beasts
  5 centaurs
  An ogre (D:5)
  3 kobold brigands
  5 bullfrogs
  A gnoll sergeant (D:6)
  A scorpion (D:6)
  2 necrophages
  21 killer bees
  2 howler monkeys
  A hound (D:5)
  An orc priest (D:9)
  4 iguanas
  3 orc wizards
  7 adders
  3 gnolls (D:6)
  A white imp (D:6)
  An ufetubus (D:5)
  A dart slug (D:1)
  11 orcs
  6 ball pythons
  7 bats
  4 endoplasms
  2 giant cockroaches
  6 hobgoblins
  2 jackals (D:2)
  5 quokkas
  4 frilled lizards
  4 goblins
  20 kobolds
  2 rats (D:2)
  A butterfly (D:4)
148 creatures vanquished.

Vanquished Creatures (collateral kills)
  An orc priest (D:5)
  An orc wizard (D:5)
  A kobold (D:8)
  3 foxfires (D:3)
6 creatures vanquished.

Vanquished Creatures (others)
  133 foxfires
  10 plants (D:3)
143 creatures vanquished.

Grand Total: 297 creatures vanquished

Notes
Turn   | Place    | Note
-------+----------+-------------------------------------------
     0 | D:1      | FexLirch the Djinni Fire Elementalist began the quest for
                  | the Orb.
     0 | D:1      | FexLirch set off with the following spells memorised:
                  | Foxfire, Scorch, Conjure Flame, Inner Flame, Flame Wave.
     0 | D:1      | Reached XP level 1. HP: 15/15 MP: 0/0
   270 | D:1      | Found a faded altar of an unknown god.
   313 | D:1      | Reached XP level 2. HP: 14/21 MP: 0/0
   735 | D:1      | Reached skill level 3 in Spellcasting
   972 | D:2      | Reached XP level 3. HP: 14/25 MP: 0/0
   972 | D:2      | Learned a level 1 spell: Shock
  2051 | D:2      | Found an opulent altar of Gozag.
  2364 | D:3      | Found a burning altar of Makhleb.
  2371 | D:3      | Became a worshipper of Makhleb the Destroyer
  2462 | D:3      | Reached XP level 4. HP: 30/31 MP: 0/0
  3308 | D:4      | Found a staircase to the Ecumenical Temple.
  3337 | D:4      | Reached skill level 4 in Spellcasting
  3900 | D:4      | Reached XP level 5. HP: 31/35 MP: 0/0
  3900 | D:4      | Learned a level 2 spell: Call Imp
  4044 | D:4      | Found a white marble altar of Elyvilon.
  4044 | D:4      | Found a bloodstained altar of Trog.
  4047 | D:4      | Found a snail-covered altar of Cheibriados.
  4240 | D:5      | Entered Level 5 of the Dungeon
  4415 | D:5      | Noticed an ogre
  4429 | D:5      | Killed an ogre
  4430 | D:5      | Reached skill level 5 in Spellcasting
  4430 | D:5      | Reached XP level 6. HP: 30/40 MP: 0/0
  4579 | D:5      | Noticed a black bear
  4583 | D:5      | Killed a black bear
  4857 | D:5      | Reached XP level 7. HP: 31/45 MP: 0/0
  4857 | D:5      | Learned a level 3 spell: Vampiric Draining
  5111 | D:5      | Reached * piety under Makhleb
  5433 | D:5      | Reached skill level 6 in Spellcasting
  5680 | D:6      | Reached XP level 8. HP: 33/50 MP: 0/0
  5790 | D:6      | Noticed Pikel
  5797 | D:6      | Killed Pikel
  5798 | D:6      | Reached skill level 8 in Spellcasting
  6216 | D:6      | Reached XP level 9. HP: 35/55 MP: 0/0
  6216 | D:6      | Learned a level 3 spell: Lesser Beckoning
  6778 | D:7      | Reached skill level 9 in Spellcasting
  6951 | D:7      | Found a hazy altar of Hepliaklqana.
  7010 | D:7      | Found Waurghuwa's Vocational Training.
  7788 | D:8      | Reached skill level 10 in Spellcasting
  8165 | D:8      | Reached ** piety under Makhleb
  8169 | D:8      | Reached XP level 10. HP: 58/60 MP: 0/0
  9156 | D:9      | Noticed a two-headed ogre
  9187 | D:9      | Killed a two-headed ogre
  9188 | D:9      | Reached skill level 11 in Spellcasting
  9298 | D:9      | Found a staircase to the Orcish Mines.
  9401 | D:9      | Found an opulent altar of Gozag.
  9464 | D:9      | Reached skill level 1 in Fighting
  9972 | D:9      | Noticed a two-headed ogre
  9984 | D:9      | Killed a two-headed ogre
 10267 | D:10     | Entered Level 10 of the Dungeon
 10475 | D:10     | Slain by a centaur

Illustrated notes

Levels and vault maps discovered:
D:1:      mainiacjoe_arrival_reflecting_pool, layout_loops_ring,
          basic_ecumenical_altar
D:2:      layout_loops_corners, basic_altar
D:3:      layout_basic, bloody_makhleb, serial_bayou, serial_bayou_pond_d,
          serial_bayou_lagoon_b, serial_bayou_shore_a, serial_bayou_lagoon_a,
          serial_bayou_crossing
D:4:      layout_cave_pods, minitemple, minmay_temple_entry_butterflies,
          kennysheep_generic_room_11
D:5:      layout_loops_ring
D:6:      layout_basic, uniq_pikel
D:7:      layout_loops_cross, worldfamousw_hep_ancestral_shrine,
          nicolae_shop_vocational
D:8:      layout_layer_cave, chequers_jeans, minivault_24
D:9:      layout_loops_ring, old_standard_altar, orc_0_dummy
D:10:     layout_basic, minmay_protected_statue

Skill      XL: |  1  2  3  4  5  6  7  8  9 10 |
---------------+-------------------------------+-----
Spellcasting   | 3 4 5 6 8 10 11 | 11.5
Fighting       | 3 |  3.1
Dodging        | 4 |  4.3
Stealth        | |  1.5

Action                   |  1- 3 |  4- 6 |  7- 9 | 10-12 || total
-------------------------+-------+-------+-------+-------++-------
Melee: Unarmed           |     4 |       |       |       ||     4
       Staff             |       |     1 |     2 |       ||     3
 Cast: Foxfire           |    19 |    31 |    16 |    18 ||    84
       Scorch            |    18 |     6 |    53 |    15 ||    92
       Shock             |       |    44 |    31 |    18 ||    93
       Call Imp          |       |     1 |     6 |     9 ||    16
       Inner Flame       |       |       |     2 |     4 ||     6
       Flame Wave        |       |       |     3 |     5 ||     8
       Lesser Beckoning  |       |       |       |     3 ||     3
       Conjure Flame     |       |       |       |     2 ||     2
       Vampiric Draining |       |       |       |     2 ||     2
  Use: Scroll            |       |       |       |    10 ||    10
Armor: Robe              |     4 |     1 |     9 |     2 ||    16
Dodge: Dodged            |    12 |     1 |    18 |    26 ||    57
Block: Buckler           |       |       |     2 |     3 ||     5
